TOP OF THE 1ST |
BlackIron Dragons batting - Pitching for Salem Silver Souls : RHP Andy Hickey
|
Pitching: RHP Andy Hickey
|
|
Batting: RHB Alfredo Rangel
|
0-0: Ground out 5-3 (Groundball, 56)
|
Batting: RHB Brian Jackson
|
0-0: Called Strike 0-1: Fly out, F6 (Popup, 6D)
|
Batting: RHB Gil Palmer
|
0-0: Foul Ball, location: 2F 0-1: Ball 1-1: Called Strike 1-2: Ball 2-2: Ball 3-2: Foul Ball, location: 2F 3-2: Ground out 6-3 (Groundball, 56)
|
Top of the 1st over - 0 run(s), 0 hit(s), 0 error(s), 0 left on base; BlackIron 0 - Salem 0 |
BOTTOM OF THE 1ST |
Salem Silver Souls batting - Pitching for BlackIron Dragons : RHP António García
|
Pitching: RHP António García
|
|
Batting: RHB Alejandro Martínez
|
0-0: Ball 1-0: Ball 2-0: Fly out, F6 (Popup, 78S)
|
Batting: RHB Juan Vareas
|
0-0: Ball 1-0: Ball 2-0: Called Strike 2-1: Called Strike 2-2: Fly out, F4 (Popup, 8RS)
|
Batting: RHB Félix García
|
0-0: Swinging Strike 0-1: Ground out 6-3 (Groundball, 6)
|
Bottom of the 1st over - 0 run(s), 0 hit(s), 0 error(s), 0 left on base; BlackIron 0 - Salem 0 |
TOP OF THE 2ND |
BlackIron Dragons batting - Pitching for Salem Silver Souls : RHP Andy Hickey
|
Batting: RHB Boyd Pittman
|
0-0: Called Strike 0-1: Swinging Strike 0-2: Strikes out swinging
|
Batting: RHB Leroy Jamison
|
0-0: Called Strike 0-1: Ball 1-1: Foul Ball, location: 2F 1-2: Ground out 1-3 (Groundball, 15)
|
Batting: LHB Culley Vaughan
|
0-0: Called Strike 0-1: Ball 1-1: Called Strike 1-2: Strikes out looking
|
Top of the 2nd over - 0 run(s), 0 hit(s), 0 error(s), 0 left on base; BlackIron 0 - Salem 0 |
BOTTOM OF THE 2ND |
Salem Silver Souls batting - Pitching for BlackIron Dragons : RHP António García
|
Batting: LHB Jeff McKinney
|
0-0: Ball 1-0: Ball 2-0: Ball 3-0: Called Strike 3-1: Base on Balls
|
Batting: SHB Todd Smith
|
0-0: Ball 1-0: Called Strike 1-1: Ball 2-1: Ball 3-1: Called Strike 3-2: 2-RUN HOME RUN (Line Drive, 89XD), Distance : 412 ft
|
Batting: SHB Francis Shaffer
|
0-0: Ball 1-0: Foul Ball, location: 2F 1-1: Ball 2-1: Ball 3-1: Base on Balls
|
Batting: LHB Jeff Doss
|
0-0: Called Strike 0-1: Ball 1-1: Ball 2-1: Ground out 4-3 (Groundball, 13) Francis Shaffer to second
|
Batting: LHB Bill Smith
|
0-0: Swinging Strike 0-1: Swinging Strike 0-2: Ball 1-2: Ball 2-2: Strikes out looking
|
Batting: LHB Ezechiele Bruno
|
0-0: Fly out, F7 (Flyball, 78D)
|
Bottom of the 2nd over - 2 run(s), 1 hit(s), 0 error(s), 1 left on base; BlackIron 0 - Salem 2 |
TOP OF THE 3RD |
BlackIron Dragons batting - Pitching for Salem Silver Souls : RHP Andy Hickey
|
Batting: LHB Donnie Cunningham
|
0-0: Ball 1-0: Foul Ball, location: 2F 1-1: Ball 2-1: Ball 3-1: Base on Balls
|
Batting: LHB Leonard Young
|
0-0: Ball 1-0: Ball 2-0: DOUBLE (Line Drive, 3L) Donnie Cunningham to third
|
Batting: RHB Edgardo Carrasco
|
0-0: Called Strike 0-1: Ball 1-1: Ground out 3-1 (Groundball, 4) Donnie Cunningham scores Leonard Young to third
|
Batting: RHB Alfredo Rangel
|
0-0: Ball 1-0: Fly out, F9 (Flyball, 9D) Runner from 3rd tags up, SCORES, no throw
|
Batting: RHB Brian Jackson
|
0-0: Ball 1-0: Fly out, F9 (Flyball, 9LM)
|
Top of the 3rd over - 2 run(s), 1 hit(s), 0 error(s), 0 left on base; BlackIron 2 - Salem 2 |
BOTTOM OF THE 3RD |
Salem Silver Souls batting - Pitching for BlackIron Dragons : RHP António García
|
Batting: RHB Alejandro Martínez
|
0-0: Ball 1-0: Foul Ball, location: 2F 1-1: Ball 2-1: Foul Ball, location: 2F 2-2: Foul Ball, location: 2F 2-2: Foul Ball, location: 2F 2-2: Strikes out swinging
|
Batting: RHB Juan Vareas
|
0-0: Ball 1-0: Called Strike 1-1: Ball 2-1: Ball 3-1: Base on Balls
|
Batting: RHB Félix García
|
0-0: Ball 1-0: Called Strike 1-1: Foul Ball, location: 2F 1-2: Ball Wild Pitch! Juan Vareas to second 2-2: Foul Ball, location: 2F 2-2: Ball 3-2: Base on Balls
|
Batting: LHB Jeff McKinney
|
0-0: Ball 1-0: Called Strike 1-1: Swinging Strike 1-2: Foul Ball, location: 2F 1-2: Ball 2-2: Strikes out looking
|
Batting: SHB Todd Smith
|
0-0: Called Strike 0-1: Ball 1-1: Ground out 4-3 (Groundball, 34)
|
Bottom of the 3rd over - 0 run(s), 0 hit(s), 0 error(s), 2 left on base; BlackIron 2 - Salem 2 |
TOP OF THE 4TH |
BlackIron Dragons batting - Pitching for Salem Silver Souls : RHP Andy Hickey
|
Batting: RHB Gil Palmer
|
0-0: Called Strike 0-1: Called Strike 0-2: Fly out, F7 (Flyball, 78D)
|
Batting: RHB Boyd Pittman
|
0-0: Ground out 4-3 (Groundball, 4)
|
Batting: RHB Leroy Jamison
|
0-0: Foul Ball, location: 2F 0-1: Foul Ball, location: 2F 0-2: Ball 1-2: Ball 2-2: Ball 3-2: Strikes out swinging
|
Top of the 4th over - 0 run(s), 0 hit(s), 0 error(s), 0 left on base; BlackIron 2 - Salem 2 |
BOTTOM OF THE 4TH |
Salem Silver Souls batting - Pitching for BlackIron Dragons : RHP António García
|
Batting: SHB Francis Shaffer
|
0-0: Ground out U3 (Groundball, 3)
|
Batting: LHB Jeff Doss
|
0-0: Ball 1-0: Called Strike 1-1: Swinging Strike 1-2: Ball 2-2: Foul Ball, location: 2F 2-2: SINGLE (Line Drive, 4M)
|
Batting: LHB Bill Smith
|
0-0: Called Strike 0-1: Swinging Strike Jeff Doss is caught stealing 2nd base 0-2: Ball 1-2: Ball 2-2: Ball 3-2: Foul Ball, location: 2F 3-2: Base on Balls
|
Batting: LHB Ezechiele Bruno
|
0-0: Called Strike 0-1: Foul Ball, location: 2F 0-2: Ball 1-2: Fly out, F8 (Flyball, 8LXD)
|
Bottom of the 4th over - 0 run(s), 1 hit(s), 0 error(s), 1 left on base; BlackIron 2 - Salem 2 |
TOP OF THE 5TH |
BlackIron Dragons batting - Pitching for Salem Silver Souls : RHP Andy Hickey
|
Batting: LHB Culley Vaughan
|
0-0: Called Strike 0-1: Called Strike 0-2: Ball 1-2: Ball 2-2: Ball 3-2: Fly out, F6 (Line Drive, 6D)
|
Batting: LHB Donnie Cunningham
|
0-0: SINGLE (Groundball, 3D)
|
Batting: LHB Leonard Young
|
0-0: Called Strike Donnie Cunningham steals 2nd base 0-1: Foul Ball, location: 2F 0-2: Ball 1-2: Ball 2-2: Ball 3-2: Intentional Walk
|
Batting: RHB Edgardo Carrasco
|
0-0: Called Strike 0-1: Ball 1-1: Swinging Strike 1-2: Foul Ball, location: 2F 1-2: DOUBLE (Groundball, 5L) Donnie Cunningham scores Leonard Young to third Runner from 3rd tries for Home, SAFE, no throw or cutoff
|
Batting: RHB Alfredo Rangel
|
0-0: Called Strike 0-1: Ball 1-1: Ball 2-1: Ball 3-1: Foul Ball, location: 2F 3-2: Foul Ball, location: 2F 3-2: Base on Balls
|
Batting: RHB Brian Jackson
|
0-0: Called Strike 0-1: Called Strike 0-2: Foul Ball, location: 2F 0-2: Ball 1-2: SINGLE (Groundball, 23) (infield hit) Edgardo Carrasco to third Alfredo Rangel to second
|
Batting: RHB Gil Palmer
|
0-0: Ball 1-0: Foul Ball, location: 2F 1-1: Ball 2-1: Swinging Strike 2-2: Strikes out swinging
|
Batting: RHB Boyd Pittman
|
0-0: Called Strike 0-1: Ball 1-1: Fly out, F8 (Line Drive, 8LD)
|
Top of the 5th over - 2 run(s), 3 hit(s), 0 error(s), 3 left on base; BlackIron 4 - Salem 2 |
BOTTOM OF THE 5TH |
Salem Silver Souls batting - Pitching for BlackIron Dragons : RHP António García
|
Batting: RHB Alejandro Martínez
|
0-0: Called Strike 0-1: Ball 1-1: Ball 2-1: Called Strike 2-2: DOUBLE (Line Drive, 7LS)
|
Batting: RHB Juan Vareas
|
0-0: Foul Ball, location: 2F 0-1: Ball 1-1: Ball 2-1: Swinging Strike 2-2: Foul Ball, location: 2F 2-2: Foul Ball, location: 2F 2-2: Ball 3-2: Base on Balls
|
Pitching: RHP Víctor Ventura
|
|
Batting: RHB Félix García
|
0-0: Ball 1-0: Swinging Strike 1-1: Ball 2-1: Foul Ball, location: 2F 2-2: Strikes out swinging
|
Batting: LHB Jeff McKinney
|
0-0: Ball 1-0: Called Strike 1-1: Foul Ball, location: 2F 1-2: Ball 2-2: Foul Ball, location: 2F 2-2: Fly out, F5 (Popup, 5SF)
|
Batting: SHB Todd Smith
|
0-0: Called Strike 0-1: Called Strike 0-2: Foul Ball, location: 2F 0-2: Ball 1-2: Strikes out looking
|
Bottom of the 5th over - 0 run(s), 1 hit(s), 0 error(s), 2 left on base; BlackIron 4 - Salem 2 |
TOP OF THE 6TH |
BlackIron Dragons batting - Pitching for Salem Silver Souls : RHP Andy Hickey
|
Pitching: LHP Francisco Nieto
|
|
Batting: RHB Leroy Jamison
|
0-0: Foul Ball, location: 2F 0-1: Swinging Strike 0-2: Ball 1-2: Ball 2-2: Ball 3-2: SINGLE (Line Drive, 56D)
|
Batting: LHB Culley Vaughan
|
0-0: Ball 1-0: Called Strike 1-1: Foul Ball, location: 2F 1-2: Fly out, F8 (Flyball, 8LM)
|
Batting: LHB Donnie Cunningham
|
0-0: Called Strike 0-1: Foul Ball, location: 2F 0-2: Ball Wild Pitch! Leroy Jamison to second 1-2: Foul Ball, location: 2F 1-2: Ball 2-2: Foul Ball, location: 2F 2-2: Ground out 5-3 (Groundball, 56S) Leroy Jamison to third
|
Batting: LHB Leonard Young
|
0-0: Foul Ball, location: 2F 0-1: Ball 1-1: Foul Ball, location: 2F 1-2: Strikes out swinging
|
Top of the 6th over - 0 run(s), 1 hit(s), 0 error(s), 1 left on base; BlackIron 4 - Salem 2 |
BOTTOM OF THE 6TH |
Salem Silver Souls batting - Pitching for BlackIron Dragons : RHP Víctor Ventura
|
Batting: SHB Francis Shaffer
|
0-0: Ball 1-0: Fly out, F8 (Flyball, 8LM)
|
Batting: LHB Jeff Doss
|
0-0: SINGLE (Line Drive, 34)
|
Batting: LHB Bill Smith
|
0-0: Called Strike 0-1: Called Strike 0-2: Strikes out swinging
|
Batting: LHB Ezechiele Bruno
|
0-0: Called Strike 0-1: Foul Ball, location: 2F 0-2: Foul Ball, location: 2F 0-2: Strikes out swinging
|
Bottom of the 6th over - 0 run(s), 1 hit(s), 0 error(s), 1 left on base; BlackIron 4 - Salem 2 |
TOP OF THE 7TH |
BlackIron Dragons batting - Pitching for Salem Silver Souls : LHP Francisco Nieto
|
Batting: RHB Edgardo Carrasco
|
0-0: Ball 1-0: Ball 2-0: Called Strike 2-1: Called Strike 2-2: Ball 3-2: Strikes out swinging
|
Batting: RHB Alfredo Rangel
|
0-0: Ball 1-0: Swinging Strike 1-1: Ball 2-1: Ball 3-1: Base on Balls
|
Batting: RHB Brian Jackson
|
0-0: Called Strike 0-1: DOUBLE (Line Drive, 89M) Alfredo Rangel to third
|
Batting: RHB Gil Palmer
|
0-0: Ball 1-0: Foul Ball, location: 2F 1-1: Called Strike 1-2: Ball 2-2: Ball 3-2: Foul Ball, location: 2F 3-2: Fly out, F7 (Flyball, 7M) Runner from 3rd tags up, SCORES, throw made
|
Pitching: RHP Ron Biller
|
|
Batting: RHB Boyd Pittman
|
0-0: Ground out U3 (Groundball, 3L)
|
Top of the 7th over - 1 run(s), 1 hit(s), 0 error(s), 1 left on base; BlackIron 5 - Salem 2 |
BOTTOM OF THE 7TH |
Salem Silver Souls batting - Pitching for BlackIron Dragons : RHP Víctor Ventura
|
Pitching: RHP Bill McKinney
|
|
Batting: RHB Alejandro Martínez
|
0-0: Ball 1-0: Swinging Strike 1-1: Ball 2-1: Swinging Strike 2-2: Ball 3-2: Strikes out looking
|
Batting: RHB Juan Vareas
|
0-0: Ground out 1-3 (Groundball, 15S)
|
Batting: RHB Félix García
|
0-0: Called Strike 0-1: Called Strike 0-2: Ground out 1-3 (Groundball, 13)
|
Bottom of the 7th over - 0 run(s), 0 hit(s), 0 error(s), 0 left on base; BlackIron 5 - Salem 2 |
TOP OF THE 8TH |
BlackIron Dragons batting - Pitching for Salem Silver Souls : RHP Ron Biller
|
Batting: RHB Leroy Jamison
|
0-0: Called Strike 0-1: Ball 1-1: Foul Ball, location: 2F 1-2: Strikes out swinging
|
Batting: LHB Culley Vaughan
|
0-0: Called Strike 0-1: Ball 1-1: Ball 2-1: Foul Ball, location: 2F 2-2: Foul Ball, location: 2F 2-2: Ball 3-2: Strikes out swinging
|
Batting: LHB Donnie Cunningham
|
0-0: Ball 1-0: Swinging Strike 1-1: Ground out 4-3 (Groundball, 4)
|
Top of the 8th over - 0 run(s), 0 hit(s), 0 error(s), 0 left on base; BlackIron 5 - Salem 2 |
BOTTOM OF THE 8TH |
Salem Silver Souls batting - Pitching for BlackIron Dragons : RHP Bill McKinney
|
Batting: LHB Jeff McKinney
|
0-0: Ball 1-0: Ball 2-0: Ball 3-0: Called Strike 3-1: Base on Balls
|
Batting: SHB Todd Smith
|
0-0: Ball 1-0: Ball 2-0: Called Strike 2-1: Ball 3-1: Base on Balls Jeff McKinney to second
|
Batting: SHB Francis Shaffer
|
0-0: Called Strike 0-1: SINGLE (Groundball, 34D) Jeff McKinney to third Todd Smith to second Runner from 3rd tries for Home, throw and OUT! Todd Smith to third Francis Shaffer to second
|
Pitching: RHP Augusto Méndez
|
|
Batting: LHB Jeff Doss
|
0-0: Ground out 6-3 (Groundball, 6) Todd Smith scores
|
Pitching: LHP Frederick Cesti
|
|
Batting: LHB Bill Smith
|
0-0: Ball 1-0: Called Strike 1-1: Foul Ball, location: 2F 1-2: Ball 2-2: Foul Ball, location: 2F 2-2: Foul Ball, location: 2F 2-2: Ground out 3-1 (Groundball, 34S)
|
Bottom of the 8th over - 1 run(s), 1 hit(s), 0 error(s), 1 left on base; BlackIron 5 - Salem 3 |
TOP OF THE 9TH |
BlackIron Dragons batting - Pitching for Salem Silver Souls : RHP Ron Biller
|
Batting: LHB Leonard Young
|
0-0: Ball 1-0: Swinging Strike 1-1: Ball 2-1: Swinging Strike 2-2: Strikes out looking
|
Batting: RHB Edgardo Carrasco
|
0-0: Swinging Strike 0-1: Ball 1-1: Ball 2-1: Ground out 1-3 (Groundball, 13S)
|
Batting: RHB Alfredo Rangel
|
0-0: Swinging Strike 0-1: Foul Ball, location: 2F 0-2: Ball 1-2: Strikes out looking
|
Top of the 9th over - 0 run(s), 0 hit(s), 0 error(s), 0 left on base; BlackIron 5 - Salem 3 |
BOTTOM OF THE 9TH |
Salem Silver Souls batting - Pitching for BlackIron Dragons : LHP Frederick Cesti
|
Pitching: RHP Luis Canseco
|
|
Batting: LHB Ezechiele Bruno
|
0-0: Ball 1-0: Swinging Strike 1-1: Ground out 1-3 (Groundball, 15S)
|
Batting: RHB Alejandro Martínez
|
0-0: Fly out, F8 (Popup, 8RM)
|
Batting: RHB Juan Vareas
|
0-0: Ball 1-0: Ball 2-0: Ball 3-0: Called Strike 3-1: Swinging Strike 3-2: Strikes out looking
|
Bottom of the 9th over - 0 run(s), 0 hit(s), 0 error(s), 0 left on base; BlackIron 5 - Salem 3 |
|